 Dungeon Crawl Stone Soup version 0.30.0-19-g36f170ea60 (webtiles) character file.

Game seed: 17221407032069748660

12980 Sabo the Protected (level 11, -6/87 HPs)
             Began as a Demonspawn Berserker on May 28, 2023.
             Was a High Priest of Trog.
             Engulfed by a death drake's foul pestilence (7 damage)
             ... in a Gauntlet.
             The game lasted 01:04:29 (11278 turns).

Sabo the Protected (Demonspawn Berserker)          Turns: 11278, Time: 01:04:29

Health: -6/87      AC: 35    Str: 20    XL:     11   Next: 69%
Magic:  11/11      EV:  9    Int:  6    God:    Trog [*****.]
Gold:   1617       SH:  0    Dex: 21    Spells: 10/10 levels left

rFire   + . .        G - +7 staff of the Meek {protect, meekguard}
rCold   + . .        (shield currently unavailable)
rNeg    + + .        R - +3 plate armour of a Labyrinth {rN++}
rPois   .            (helmet unavailable)
rElec   .            (no cloak)
rCorr   .            (no gloves)
SInv    +            (no boots)
Will    .....        n - amulet of regeneration Stlth
                     k - ring "Vah Gem" {rF+ rC+ Int-2 Dex+6}
HPRegen 1.14/turn    x - +4 ring of protection
MPRegen 0.12/turn

%: no teleportation
@: mighty, lethally poisoned (-6 -> -33), under a protective aura, slowed, very
slow
A: antennae 3, hooves 1, spiny 2, demonic touch 1
a: Renounce Religion, Berserk, Trog's Hand, Brothers in Arms


You were in a Gauntlet.
You worshipped Trog.
Trog was extremely pleased with you.
You visited 1 branch of the dungeon, and saw 11 of its levels.
You also visited: Bailey and Gauntlet.

You collected 1923 gold pieces.
You spent 306 gold pieces at shops.

Inventory:

Hand Weapons
 a - a +5 halberd of freezing
 o - a +6 dire flail
 s - a +5 great mace
 w - a +1 war axe
 y - a +0 demon whip of pain
 z - a +0 shortbow
 F - a +1 antimagic demon whip
 G - the +7 staff of the Meek (weapon) {protect, meekguard}
   (You took it off an orc wizard on level 7 of the Dungeon)
 H - a +1 battleaxe of freezing
 M - a +2 scimitar of freezing
 N - a +3 great sword
 Q - the +4 halberd "Zelest" {heavy, rPois}
   (You found it in a bailey)

   rPois:     It protects you from poison.
Missiles
 j - 5 javelins
 I - 6 curare-tipped darts (quivered)
Armour
 D - a +0 scale mail of positive energy
 P - a +2 buckler of reflection
 R - the +3 plate armour of a Labyrinth (worn) {rN++}
   (You found it in a bailey)

   rN:        It greatly protects you from negative energy.
 V - a +0 pair of boots of flying
Jewellery
 c - a ring of flight
 k - the ring "Vah Gem" (left hand) {rF+ rC+ Int-2 Dex+6}
   (You found it on level 2 of the Dungeon)

   [ring of dexterity]

   Int:       It affects your intelligence (-2).
   Dex:       It affects your dexterity (+6).
   rF:        It protects you from fire.
   rC:        It protects you from cold.
 m - the ring "Rikhix Ugogo" {Contam rF+++ Will+ Str-2}
   (You found it on level 3 of the Dungeon)

   [ring of willpower]

   Str:       It affects your strength (-2).
   rF:        It renders you almost immune to fire.
   Contam:    It causes magical contamination when unequipped.
   Will:      It increases your willpower.
 n - an amulet of regeneration (around neck)
 x - a +4 ring of protection (right hand)
Wands
 r - a wand of iceblast (9)
 A - a wand of paralysis (9)
 E - a wand of flame (32)
 S - a wand of mindburst (7)
Scrolls
 e - 6 scrolls of teleportation
 p - a scroll of blinking
 u - a scroll of silence
 C - a scroll of enchant weapon
 J - a scroll of poison
 O - a scroll of fear {unknown}
Potions
 b - 3 potions of haste {unknown}
 d - 2 potions of berserk rage {unknown}
 f - 6 potions of might
 g - 6 potions of curing
 h - 2 potions of lignification {unknown}
 i - 2 potions of mutation
 l - 2 potions of degeneration {unknown}
 q - 2 potions of heal wounds {unknown}
 t - a potion of attraction {unknown}
 v - a potion of ambrosia {unknown}
 B - a potion of brilliance {unknown}
 K - a potion of flight {unknown}
 L - a potion of magic {unknown}
 T - a potion of resistance
 U - a potion of cancellation


   Skills:
 + Level 8.4 Fighting
 + Level 8.4(8.7) Axes
 + Level 3.2(8.2) Maces & Flails
 + Level 8.3(8.6) Staves
 + Level 9.8 Armour
 + Level 4.3 Dodging
 + Level 1.1 Stealth


You had 10 spell levels left.
You didn't know any spells.
Your spell library was empty.

Dungeon Overview and Level Annotations

Branches:
Dungeon (11/15)            Temple (0/1) D:7            Lair (0/5) D:9
    Orc (0/2) D:11         Bailey (visited)         Gauntlet (1/1)

Altars:
Fedhas
Xom

Shops:
D:11 !

Annotations:
D:9 exclusion: oklob plant Gauntlet 13 transporters, 21 runed translucent doors, exclusion: lightning spire


Innate Abilities, Weirdness & Mutations

You have a pair of large antennae on your head. (SInv)
You have large cloven feet.
You are mostly covered in sharp spines.
Your touch may inflict minor irresistible damage on your foes.


Message History

You thump the death drake! Your kick misses the death drake.
The death drake is moderately wounded.
You feel extremely sick. The death drake breathes miasma at you.
The foul vapour engulfs you but does no damage.
The death drake bites you but does no damage.
Unknown command.
You feel better.
You are engulfed in dark miasma.
You are poisoned.
* * * LOW HITPOINT WARNING * * *
x2 You feel extremely sick.
The death drake is struck by your spines.
The death drake bites you.
* * * LOW HITPOINT WARNING * * *
The centaur warrior zombie is struck by your spines.
The centaur warrior zombie hits you.
* * * LOW HITPOINT WARNING * * *
The centaur warrior zombie kicks you but does no damage.
The centaur warrior zombie is struck by your spines.
The centaur warrior zombie hits you but does no damage.
The centaur warrior zombie kicks you but does no damage.
The death drake bites you but does no damage.
You bludgeon the death drake!!
The death drake is heavily wounded.
* * * LOW HITPOINT WARNING * * *
You feel very sick.
The death drake bites you but does no damage.
The centaur warrior zombie is struck by your spines.
The centaur warrior zombie hits you but does no damage.
The centaur warrior zombie kicks you but does no damage.
The death drake breathes miasma at you. The foul vapour misses you.
The centaur warrior zombie is struck by your spines.
The centaur warrior zombie hits you but does no damage.
The centaur warrior zombie kicks you but does no damage.
You sock the death drake!
The death drake is severely wounded.
You are engulfed in dark miasma.
You are more poisoned.
You die...

....©......≈.............≈.......
.∩........≈8≈...........§8≈......
....©......≈.............≈.......
##########...###########...######
.≈...≈≈..#...#....#..#?#...##^#?©
.≈..≈..≈.#...#...#..#.=#...###)#8
©≈≈.≈≈.≈.#...#..#..#..##...##h.##
..≈...≈.≈#.###.#..#..#.###.##..##
≈≈†≈.≈..≈#.#©##k@#..#.©#©#.####P.
.≈.≈≈≈.≈.#.#.#.#Z.#..#.#.#.#....#
..≈...≈≈.#.#.#..#..#..##.#.#P.##.
.≈.≈...≈.#.#.#...#..#.=#.#.#^##.#
.≈..©.≈..#.#.#....#..#Z#.#.##..##
############.###########.########
...#©........#≈≈≈≈8≈≈≈≈#........©
...#########.###########.########
#..........#.#Xx.......#.#.......


You could see a death drake (catching breath) and a centaur warrior zombie.

Vanquished Creatures
  Fannar (D:10)
  2 two-headed ogres
  An orc high priest (Bailey)
  Lodul (D:10)
  A spectral wolf spider (Gauntlet)
  An ugly thing (D:10)
  A moth of wrath (Gauntlet)
  Joseph (D:10)
  2 kobold demonologists
  A spectral harpy (Gauntlet)
  2 trolls
  A hornet (D:8)
  3 dream sheep (D:9)
  2 shadows
  3 wyverns
  5 yaks (D:10)
  A steam dragon (D:9)
  8 orc warriors
  2 black bears
  4 ice beasts
  11 ogres
  3 wolves (Gauntlet)
  The ghost of Tricky101 the Firebug, an amateur DsFE (D:6)
  2 centaurs
  A phantom (D:5)
  2 kobold brigands
  3 bullfrogs (D:6)
  2 scorpions (D:5)
  15 wights
  2 howler monkeys (D:7)
  3 hounds
  3 jellies
  A gnoll bouda (D:9)
  5 orc priests
  A spectral boggart (Gauntlet)
  An iguana (D:4)
  9 orc wizards
  8 gnolls
  4 adders
  A white imp (D:7)
  4 worms
  2 dart slugs
  38 orcs
  An endoplasm (D:4)
  3 giant cockroaches (D:1)
  19 goblins
  12 hobgoblins
  2 jackals (D:5)
  3 quokkas
  11 ball pythons
  5 bats
  4 frilled lizards
  21 kobolds
  6 rats
252 creatures vanquished.

Vanquished Creatures (collateral kills)
  An ogre (D:6)
1 creature vanquished.

Grand Total: 253 creatures vanquished

Notes
Turn   | Place    | Note
-------+----------+-------------------------------------------
     0 | D:1      | Sabo the Demonspawn Berserker began the quest for the Orb.
     0 | D:1      | Reached XP level 1. HP: 18/18 MP: 1/1
   188 | D:1      | Discovered your monstrous ancestry.
   188 | D:1      | Gained mutation: Your touch may inflict minor irresistible
                  | damage on your foes. [demonic ancestry]
   188 | D:1      | Reached XP level 2. HP: 24/24 MP: 2/2
   585 | D:1      | Reached skill level 2 in Armour
   659 | D:1      | Gained mutation: You have a pair of small antennae on your
                  | head. [demonic ancestry]
   659 | D:1      | Reached XP level 3. HP: 28/29 MP: 3/3
  1273 | D:2      | Reached ** piety under Trog
  1413 | D:2      | Identified the ring "Vah Gem" {rF+ rC+ Int-2 Dex+6}
  2036 | D:3      | Reached XP level 4. HP: 35/35 MP: 4/4
  2096 | D:3      | Identified the ring "Rikhix Ugogo" {Contam rF+++ Will+
                  | Str-2}
  2506 | D:4      | Noticed an ogre
  2510 | D:4      | Killed an ogre
  2511 | D:4      | Reached XP level 5. HP: 36/42 MP: 5/5
  2660 | D:4      | Reached skill level 3 in Armour
  3095 | D:4      | Reached *** piety under Trog
  3124 | D:4      | Gained mutation: You have a pair of antennae on your head.
                  | [demonic ancestry]
  3124 | D:4      | Reached XP level 6. HP: 48/48 MP: 6/6
  3542 | D:5      | Entered Level 5 of the Dungeon
  3875 | D:5      | Reached skill level 5 in Axes
  3982 | D:5      | HP: 2/48 [ogre/+0 giant club (24)]
  3986 | D:5      | Reached skill level 4 in Armour
  3986 | D:5      | Gained mutation: You are partially covered in sharp spines.
                  | [demonic ancestry]
  3986 | D:5      | Reached XP level 7. HP: 3/54 MP: 7/7
  4376 | D:5      | Noticed a shadow
  4385 | D:5      | Killed a shadow
  4627 | D:5      | Reached skill level 5 in Armour
  4729 | D:6      | Gained mutation: You are mostly covered in sharp spines.
                  | [demonic ancestry]
  4729 | D:6      | Reached XP level 8. HP: 54/61 MP: 8/8
  4777 | D:6      | Found a shimmering altar of Xom.
  5009 | D:6      | Reached skill level 5 in Fighting
  5302 | D:6      | Noticed a two-headed ogre
  5302 | D:6      | Noticed Tricky101's ghost (amateur DsFE)
  5303 | D:6      | Found a transporter.
  5317 | D:6      | Found a transporter.
  5600 | D:6      | Killed Tricky101's ghost
  5601 | D:6      | Reached skill level 6 in Armour
  5605 | D:6      | Killed a two-headed ogre
  5606 | D:6      | Gained mutation: You have large cloven feet. [demonic
                  | ancestry]
  5606 | D:6      | Reached XP level 9. HP: 55/68 MP: 9/9
  5864 | D:7      | Reached skill level 7 in Armour
  5866 | D:7      | Reached skill level 1 in Maces & Flails
  5879 | D:7      | Reached **** piety under Trog
  6117 | D:7      | Found a staircase to the Ecumenical Temple.
  6648 | D:8      | Reached skill level 1 in Staves
  7410 | D:9      | Reached XP level 10. HP: 66/76 MP: 10/10
  7525 | D:9      | Reached skill level 8 in Armour
  7607 | D:9      | Found a blossoming altar of Fedhas.
  7624 | D:9      | Noticed an oklob plant
  7861 | D:9      | Noticed a sun demon
  8218 | D:9      | Noticed a two-headed ogre
  8224 | D:9      | Killed a two-headed ogre
  8225 | D:9      | Reached skill level 1 in Stealth
  8229 | D:9      | Reached ***** piety under Trog
  8565 | D:9      | Found a staircase to the Lair.
  8828 | D:10     | Entered Level 10 of the Dungeon
  8845 | D:10     | Noticed Fannar
  8862 | D:10     | Killed Fannar
  8863 | D:10     | Reached skill level 5 in Staves
  8996 | D:10     | Found a flagged portal.
  9008 | Bailey   | Entered a bailey
  9284 | Bailey   | Noticed an orange demon
  9301 | Bailey   | Found an iron altar of Okawaru.
  9301 | Bailey   | Noticed an orc high priest
  9306 | Bailey   | Noticed a smoke demon
  9312 | Bailey   | Killed an orc high priest
  9313 | Bailey   | Gained mutation: You have a pair of large antennae on your
                  | head. (SInv) [demonic ancestry]
  9313 | Bailey   | Reached XP level 11. HP: 84/84 MP: 11/11
  9394 | Bailey   | Identified the +4 halberd "Zelest" {heavy, rPois}
  9407 | Bailey   | Identified the +3 plate armour of a Labyrinth {rN++}
  9549 | Bailey   | Reached skill level 9 in Armour
  9744 | Bailey   | Acquired 832 gold pieces
  9866 | D:10     | Acquired a +2 buckler of reflection
  9909 | D:10     | Noticed Lodul
  9937 | D:10     | Killed Lodul
 10307 | D:10     | Noticed a brown ugly thing
 10316 | D:10     | Killed a brown ugly thing
 10339 | D:10     | Noticed Joseph
 10355 | D:10     | Killed Joseph
 10680 | D:11     | Found Listipur's Distillery.
 10690 | D:11     | Found a gate leading to a gauntlet.
 10706 | D:11     | Bought a potion of resistance for 170 gold pieces
 10706 | D:11     | Bought a potion of cancellation for 136 gold pieces
 10719 | Gauntlet | Entered a Gauntlet
 10719 | Gauntlet | Found a transporter.
 10719 | Gauntlet | Found a transporter.
 10723 | Gauntlet | Found a transporter.
 10723 | Gauntlet | Found a transporter.
 10732 | Gauntlet | Found a transporter.
 10732 | Gauntlet | Noticed a shining eye
 10736 | Gauntlet | Found a large runed translucent door.
 10737 | Gauntlet | Found a large runed translucent door.
 10738 | Gauntlet | Found a large runed translucent door.
 10738 | Gauntlet | Found a large runed translucent door.
 10738 | Gauntlet | Found a large runed translucent door.
 10739 | Gauntlet | Found a runed translucent door.
 10753 | Gauntlet | Noticed a death drake
 10765 | Gauntlet | Found a transporter.
 10765 | Gauntlet | Found a transporter.
 10766 | Gauntlet | Found a transporter.
 10766 | Gauntlet | Noticed an entropy weaver
 10772 | Gauntlet | Found the +3 crown of Dyrovepreva {rElec Int+2 SInv}
 10790 | Gauntlet | Found a transporter.
 10798 | Gauntlet | Found a transporter.
 10824 | Gauntlet | Found a transporter.
 10865 | Gauntlet | Found a transporter.
 10877 | Gauntlet | Noticed a thrashing horror
 10884 | Gauntlet | Noticed a thrashing horror
 10886 | Gauntlet | Found a transporter.
 11018 | Gauntlet | Found a transporter.
 11020 | Gauntlet | Found a large runed translucent door.
 11021 | Gauntlet | Found a large runed translucent door.
 11022 | Gauntlet | Found a runed translucent door.
 11022 | Gauntlet | Found a large runed translucent door.
 11023 | Gauntlet | Found a large runed translucent door.
 11024 | Gauntlet | Found a large runed translucent door.
 11031 | Gauntlet | Found a large runed translucent door.
 11031 | Gauntlet | Found a large runed translucent door.
 11035 | Gauntlet | Found a large runed translucent door.
 11035 | Gauntlet | Found a large runed translucent door.
 11036 | Gauntlet | Found a runed translucent gate.
 11036 | Gauntlet | Found a runed translucent gate.
 11036 | Gauntlet | Found a runed translucent gate.
 11038 | Gauntlet | Found a transporter.
 11038 | Gauntlet | Noticed a four-headed hydra
 11049 | Gauntlet | Found a large runed translucent door.
 11050 | Gauntlet | Found a large runed translucent door.
 11054 | Gauntlet | Found a transporter.
 11276 | Gauntlet | HP: 4/87 [centaur warrior zombie (6)]
 11277 | Gauntlet | HP: 1/87 [poisoned by a death drake (dark miasma)]
 11278 | Gauntlet | Engulfed by a death drake's foul pestilence

Illustrated notes

Levels and vault maps discovered:
D:1:      dpeg_arrival_short_road, layout_loops_ring, serial_park_tiny_pond,
          minmay_misc_feat_rugged, dreamdust_mushroom_princess, minmay_domino_4
D:2:      layout_basic
D:3:      layout_basic, kennysheep_another_room, serial_park_tiny_1,
          grunt_ministairs_5
D:4:      layout_loops_ring
D:5:      layout_basic
D:6:      layout_loops_cross, xom_teletrap_fun, gammafunk_ghost_smash
D:7:      layout_rooms, minmay_temple_entry_statues_fountains
D:8:      layout_basic
D:9:      layout_stronghold, tgw_fedhas, lair_entry_dummy,
          dreamdust_gnoll_shepherd
D:10:     layout_roguey, enter_bailey_1, uniq_joseph, uniq_fannar, uniq_lodul
D:11:     layout_layer_cave, kennysheep_orc_monster_closet_entryway,
          serial_shops, nicolae_diamond_shop, gauntlet_entry_generic,
          feat_on_display
Gauntlet: gammafunk_gauntlet_branching [nicolae_gauntlet_arena_t_cross,
          nicolae_gauntlet_arena_flowing_pool,
          minmay_gauntlet_arena_make_your_own_arena,
          gammafunk_gauntlet_arena_spirals,
          gammafunk_gauntlet_arena_arrow_garden, gammafunk_gauntlet_arena_grid,
          gammafunk_gauntlet_arena_corners, gammafunk_gauntlet_arena_mazey,
          nicolae_gauntlet_exit_dead_adventurers]

Skill      XL: |  1  2  3  4  5  6  7  8  9 10 11 |
---------------+----------------------------------+-----
Axes           | 3 4 5 6 8 |  8.4
Armour         | 2 3 4 5 6 7 8 9 |  9.8
Dodging        | 2 3 4 |  4.3
Fighting       | 4 5 6 7 8 |  8.4
Maces & Flails | 3 |  3.2
Staves         | 2 6 8 |  8.3
Stealth        | 1 |  1.1

Action                     |  1- 3 |  4- 6 |  7- 9 | 10-12 || total
---------------------------+-------+-------+-------+-------++-------
  Melee: Hand axe          |   124 |    81 |       |       ||   205
         Punch             |     2 |       |       |       ||     2
         Touch             |    12 |    22 |    12 |       ||    46
         War axe           |       |    22 |    51 |       ||    73
         Quarterstaff      |       |       |    58 |   288 ||   346
         Great mace        |       |       |    23 |       ||    23
         Kick              |       |       |    21 |   128 ||   149
 Invoke: Berserk           |       |     1 |     1 |     4 ||     6
    Use: Scroll            |     2 |     1 |     8 |     7 ||    18
         Potion            |       |       |     1 |     2 ||     3
 Armour: Ring mail         |    57 |       |       |       ||    57
         Animal skin       |     3 |       |       |       ||     3
         Chain mail        |       |    43 |    26 |       ||    69
         Scale mail        |       |       |    48 |    70 ||   118
         Plate armour      |       |       |       |    96 ||    96
  Dodge: Dodged            |    94 |    51 |    81 |   116 ||   342
